 Dungeon Crawl Stone Soup version 0.19.1 (console) character file.

152 Kloppie the Poker (level 5, 0/43 HPs)
             Began as a Merfolk Berserker on Dec 2, 2016.
             Was a Priest of Trog.
             Succumbed to an adder's poison
             ... in a sewer.
             The game lasted 00:02:48 (1674 turns).

Kloppie the Poker (Merfolk Berserker)               Turns: 1674, Time: 00:02:49

Health: 0/43       AC:  3    Str: 17    XL:     5   Next: 34%
Magic:  5/5        EV: 16    Int:  7    God:    Trog [***...]
Gold:   91         SH:  0    Dex: 14    Spells: 0 memorised, 4 levels left

rFire  . . .     SeeInvis .     a - +0 spear
rCold  . . .     Gourm    .     b - +0 animal skin
rNeg   . . .     Faith    .     (no shield)
rPois  .         Spirit   .     m - +0 helmet
rElec  .         Reflect  .     (no cloak)
rCorr  .         Harm     .     (no gloves)
MR     .....                    (boots currently unavailable)
Stlth  ++........               (no amulet)
                                (no ring)
                                (no ring)

@: lethally poisoned (0 -> -12), exhausted, slowed, quick
A: change form in water, swift swim, stealthy swim
a: Berserk, Trog's Hand, Burn Spellbooks, Renounce Religion


You were in a sewer.
You worshipped Trog.
Trog was most pleased with you.
You were hungry.

You visited 1 branch of the dungeon, and saw 3 of its levels.
You also visited: Sewer.

You collected 91 gold pieces.

Inventory:

Hand Weapons
 a - a +0 spear (weapon)
Armour
 b - a +0 animal skin (worn)
 m - a +0 helmet (worn)
Jewellery
 n - a cursed ring of loudness {unknown}
Scrolls
 e - a scroll of fear {unknown}
 f - 2 scrolls of immolation {unknown}
 i - a scroll of remove curse {unknown}
 j - 4 scrolls of identify {unknown}
 l - a scroll of enchant weapon {unknown}
 o - a scroll of fog {unknown}
 p - a scroll of random uselessness {unknown}
Potions
 d - a potion of lignification {unknown}
 h - a potion of curing {unknown}
 k - a potion of magic {unknown}
 q - a potion of invisibility {unknown}
Comestibles
 c - a bread ration
 g - 5 chunks of flesh


   Skills:
 + Level 4.3 Fighting
 * Level 7.6 Polearms
 - Level 1.3 Armour
 - Level 2.6 Dodging


You had 4 spell levels left.
You didn't know any spells.

Dungeon Overview and Level Annotations

Branches:
Dungeon (3/15)

Altars:
Ru


Message History

Aim: a rat You reach to attack!
You barely miss the rat.
* * * LOW HITPOINT WARNING * * *
You feel sick.
Attack whom?
Press: ? - help, Dir - move target cursor, f/p - rat
Aim: a rat You reach to attack!
You puncture the rat!
You kill the rat!
Trog accepts your kill.
You are too berserk!
You feel a strong urge to attack something.
* * * LOW HITPOINT WARNING * * *
You feel sick.
* * * LOW HITPOINT WARNING * * *
You feel sick.
You feel your anger subside.
You are no longer berserk.
You are exhausted.
You feel yourself slow down.
You die...

######
#......
##....##
##.......
#......#
#.......#
#..∩∩..#
#......#
#......#
......#
##..≈.##
##≈.≈≈##
#≈≈≈≈≈≈#
#≈≈†≈≈≈#
#≈≈≈≈≈≈#
#≈††≈≈≈#
#≈≈≈≈≈≈#
#≈@†≈≈≈#
#≈≈≈≈≈≈#
#≈≈≈≈≈≈#
#≈≈≈≈≈≈#
#≈≈≈≈#≈#
#≈≈≈≈≈≈#
#≈≈≈≈≈≈#
#≈≈≈≈≈≈#
#≈≈≈≈≈≈#
#≈.≈≈≈≈#
#≈≈≈≈≈≈#
#≈≈≈#≈≈#
#≈≈≈≈≈.#
#≈≈≈≈.≈#
#≈≈≈≈≈≈#
#≈≈≈≈≈≈#
#≈≈≈≈≈≈#


There were no monsters in sight!

Vanquished Creatures
  6 adders
  A river rat (Sewer)
  An ooze (D:2)
  A dart slug (D:1)
  5 leopard geckos
  A ball python (Sewer)
  8 giant cockroaches
  3 goblins
  9 hobgoblins
  10 jackals
  4 kobolds (D:1)
  4 bats
  5 frilled lizards
  A jackal zombie (D:3)
  17 rats
76 creatures vanquished.

Notes
Turn   | Place    | Note
-------+----------+-------------------------------------------
     0 | D:1      | Kloppie the Merfolk Berserker began the quest for the Orb.
     0 | D:1      | Reached XP level 1. HP: 18/18 MP: 1/1
   179 | D:1      | Reached skill level 5 in Polearms
   179 | D:1      | Reached XP level 2. HP: 23/24 MP: 2/2
   449 | D:1      | Reached XP level 3. HP: 29/29 MP: 3/3
   772 | D:2      | Found a sacrificial altar of Ru.
   825 | D:2      | Reached skill level 6 in Polearms
  1152 | D:2      | Reached XP level 4. HP: 32/37 MP: 4/4
  1249 | D:2      | Reached ** piety under Trog
  1516 | D:3      | Found a glowing drain.
  1543 | Sewer    | Entered a sewer
  1609 | Sewer    | Reached skill level 7 in Polearms
  1648 | Sewer    | Reached XP level 5. HP: 33/42 MP: 5/5
  1669 | Sewer    | HP: 3/64 [poisoned by an adder]
  1671 | Sewer    | Reached *** piety under Trog
  1673 | Sewer    | HP: 1/64 [poisoned by an adder]
  1674 | Sewer    | Succumbed to an adder's poison

Skill      XL: |  1  2  3  4 |
---------------+-------------+-----
Polearms       | 5 6 7 |  7.6
Fighting       | 4 |  4.3
Armour         | |  1.3
Dodging        | |  2.6

Action                   |  1- 3 |  4- 6 || total
-------------------------+-------+-------++-------
Melee: Spear             |   150 |   161 ||   311
       Tailslap          |       |     5 ||     5
Invok: Berserk           |       |     1 ||     1
 Stab: Sleeping          |     2 |     2 ||     4
  Eat: Chunk             |     1 |     2 ||     3
Armor: Animal skin       |    15 |    30 ||    45
Dodge: Dodged            |    56 |   107 ||   163
